Map: Costas tropicales

Players

MrFercho - Winner!

  • Race: Zerg Zerg
  • Spawn Location: 0:00

tigro

  • Race: Terran Terran
  • Spawn Location: 5:00

VOD

Have the link to the VOD?

Description

Time

  • Played on: March 19, 2020, 10:39 p.m.
  • Length: 37:13
Show
View Real Time Build Order
Export as new Build Order

MrFercho Zerg - Winner!

Build Orders: Pool First 

Get SALT Encoding   

  13  0:07  Drone  
  13  0:13  Overlord  
  13  0:21  Drone  
  14  0:38  Spawning Pool  
  13  0:45  Drone  
  13  0:46  Drone  
  13  0:48  Drone  
  16  1:02  Overlord  
  16  1:19  Spawning Pool  
  16  1:24  Extractor  
  14  1:28  Drone x2  
  16  1:34  Zergling x2  
  17  1:45  Zergling x2  
  18  1:56  Drone  
  19  2:15  Queen  
  21  2:20  Drone x2  
  23  2:53  Hatchery  
  21  3:52  Lair  
  21  4:11  Extractor  
  19  5:10  Drone  
  19  5:11  Drone x2  
  22  5:36  Drone x3  
  25  5:53  Drone x2  
  25  5:54  Drone  
  28  6:02  Overlord  
  28  6:03  Overlord x2  
  28  6:04  Overlord x2  
  28  6:31  Drone x3  
  31  6:55  Extractor  
  31  6:56  Hatchery  
  31  7:00  Extractor  
  28  7:03  Drone x3  
  31  7:18  Drone x3  
  34  7:29  Drone x3  
  37  8:12  Evolution Chamber  
  36  8:15  Evolution Chamber x2  
  36  8:19  Drone  
  36  8:20  Drone x2  
  36  8:24  Drone x2  
  39  8:31  Drone x3  
  42  8:38  Extractor  
  41  8:42  Extractor  
  40  8:54  Zerg Melee Weapons Level 1  
  40  8:55  Zerg Missile Weapons Level 1  
  40  8:56  Zerg Ground Armor Level 1  
  40  9:02  Drone x3  
  43  9:10  Queen  
  45  9:19  Pneumatized Carapace  
  46  9:24  Drone x3  
  48  9:50  Infestation Pit  
  47  10:01  Roach Warren  
  46  10:20  Spire  
  45  10:21  Spire  
  45  10:22  Drone  
  45  10:23  Drone x2  
  47  10:30  Hive  
  47  10:31  Roach Warren  
  46  10:37  Drone x4  
  46  10:38  Drone x2  
  52  10:48  Drone x3  
  55  11:12  Drone x3  
  55  11:13  Drone x2  
  60  11:27  Queen  
  60  11:30  Drone x3  
  65  11:38  Overlord x2  
  65  11:39  Drone  
  66  11:42  Metabolic Boost  
  66  11:43  Adrenal Glands  
  66  11:46  Zerg Missile Weapons Level 2, Zerg Ground Armor Level 2, Zerg Melee Weapons Level 2  
  66  11:52  Neural Parasite  
  66  11:54  Glial Reconstitution  
  66  12:03  Greater Spire  
  66  12:07  Greater Spire  
  66  12:24  Hatchery  
  66  12:26  Extractor  
  64  12:31  Extractor  
  64  12:34  Drone  
  64  12:35  Drone x4  
  68  12:39  Corruptor  
  68  12:40  Corruptor  
  74  12:44  Roach x2  
  76  12:52  Overlord x3  
  76  13:01  Lair  
  76  13:04  Drone x3  
  79  13:09  Drone x3  
  82  13:13  Tunneling Claws  
  91  13:58  Zergling x4  
  91  13:59  Infestor x2  
  91  14:00  Infestor x2  
  101  14:21  Drone x2  
  101  14:22  Drone  
  104  14:32  Zerg Flyer Armor Level 1, Zerg Flyer Weapons Level 1  
  104  14:37  Zerg Melee Weapons Level 3  
  104  14:38  Zerg Missile Weapons Level 3, Zerg Ground Armor Level 3  
  102  15:23  Burrow  
  102  15:32  Drone  
  102  15:34  Drone  
  104  15:47  Drone  
  105  17:08  Ultralisk Cavern  
  104  17:12  Nydus Network  
  103  17:21  Hydralisk Den  
  102  17:26  Hydralisk Den  
  101  17:54  Hatchery  
  100  18:03  Hatchery  
  100  18:04  Extractor  
  98  18:06  Extractor  
  98  18:08  Extractor  
  98  18:09  Extractor  
  95  18:48  Overlord x3  
  95  18:55  Overseer  
  95  19:00  Overseer  
  95  19:02  Overseer  
  95  19:07  Nydus Canal  
  95  19:31  Drone x2  
  95  19:36  Ultralisk x2  
  109  19:41  Ultralisk x2  
  109  19:45  Mutalisk x3  
  121  19:46  Mutalisk  
  121  19:47  Corruptor  
  121  19:48  Corruptor x2  
  121  19:51  Zergling x6  
  121  19:52  Zergling x2  
  139  19:56  Brood Lord  
  133  22:05  Infestor x2  
  133  22:06  Infestor x4  
  133  22:08  Infestor  
  147  22:55  Infestor x2  
  151  23:06  Brood Lord x3  
  157  23:22  Zerg Flyer Weapons Level 2  
  157  23:23  Zerg Flyer Armor Level 2  
  157  23:31  Pathogen Glands  
  157  23:44  Grooved Spines  
  157  24:04  Spore Crawler x3  
  157  24:07  Spore Crawler x2  
  157  24:09  Spore Crawler  
  151  24:11  Spore Crawler  
  151  24:15  Spore Crawler x2  
  148  24:19  Spore Crawler  
  147  24:27  Unknown  
  147  24:49  Spine Crawler x2  
  145  24:53  Spine Crawler  
  145  24:55  Muscular Augments  
  96  30:13  Mutalisk  
  96  30:14  Mutalisk x6  
  96  30:15  Mutalisk x6  
  96  30:16  Mutalisk x2  
  96  30:17  Overlord x2  
  96  30:18  Overlord  
  126  30:38  Ravager  
  124  31:58  Infestor x9  
  110  33:09  Zergling x4  
  110  33:10  Zergling x12  
  110  33:11  Zergling x10  
  110  33:12  Zergling x10  
  113  34:26  Zerg Flyer Weapons Level 3  
  113  34:30  Chitinous Plating  
  102  35:49  Anabolic Synthesis  
Show
View Real Time Build Order
Export as new Build Order

tigro Terran 

Build Orders:  

Get SALT Encoding   

  12  0:05  SCV  
  13  0:17  SCV  
  14  0:29  SCV  
  15  0:41  Supply Depot  
  15  0:58  Refinery  
  15  1:02  SCV  
  16  1:12  Supply Depot  
  16  1:15  SCV  
  17  1:32  SCV  
  18  1:41  Barracks  
  18  1:44  SCV  
  19  1:56  SCV  
  20  2:02  Refinery  
  20  2:08  SCV  
  21  2:21  SCV  
  22  2:30  Barracks, Marine  
  22  2:33  SCV  
  24  2:47  Marine  
  25  3:05  Marine  
  26  3:21  Barracks Tech Lab  
  26  3:23  Marine  
  26  3:25  Supply Depot  
  24  3:41  Marine  
  18  3:51  Combat Shield  
  16  3:59  Marine  
  9  4:17  Marine  
  5  4:18  Marine  
  4  4:34  Marine  
  4  4:36  Marine  
  5  4:52  Marine  
  6  4:54  Marine  
  7  5:10  Stimpack, Marine  
  7  5:11  Marine  
  7  5:13  SCV  
  10  5:25  SCV  
  10  5:28  Marine  
  12  5:29  Marine  
  13  5:37  SCV  
  13  5:40  Refinery  
  14  5:48  Marauder  
  14  5:49  SCV  
  17  6:01  SCV  
  18  6:09  Marauder  
  20  6:13  SCV  
  21  6:29  SCV  
  21  6:30  Marauder  
  24  6:41  SCV  
  25  6:50  Concussive Shells  
  25  6:51  Marine  
  25  6:53  SCV  
  27  7:06  SCV  
  28  7:18  SCV  
  29  7:23  Engineering Bay  
  29  7:30  Barracks Tech Lab  
  29  7:42  SCV  
  30  7:54  SCV  
  31  8:25  Planetary Fortress  
  31  8:45  Missile Turret  
  31  9:02  SCV  
  32  9:12  Missile Turret  
  32  9:14  SCV  
  33  9:27  SCV  
  34  9:39  SCV  
  35  9:59  Missile Turret  
  35  10:04  Marauder  
  35  10:06  Reaper  
  38  10:21  Supply Depot  
  38  10:41  Command Center  
  38  10:43  Marauder  
  40  11:21  Factory  
  40  11:26  Terran Infantry Armor Level 1  
  40  11:59  Missile Turret  
  40  12:19  Orbital Command  
  40  12:36  Factory Tech Lab  
  40  12:37  Missile Turret  
  40  12:57  SCV  
  41  13:05  Missile Turret  
  41  13:09  SCV  
  41  13:12  Refinery  
  42  13:18  Infernal Pre-Igniter  
  42  13:20  Neosteel Armor  
  42  13:21  SCV  
  42  13:25  Siege Tank  
  46  13:33  SCV  
  47  13:39  Missile Turret  
  47  13:45  SCV  
  48  13:57  SCV, Siege Tank  
  48  14:01  Marine  
  53  14:09  SCV  
  54  14:19  Marine  
  54  14:21  SCV  
  56  14:34  Armory, SCV  
  56  14:37  Mag-Field Accelerator, Marine  
  58  14:46  SCV  
  59  14:55  Marine  
  60  15:00  Hi-Sec Auto Tracking  
  60  15:12  Marine  
  61  15:30  Supply Depot  
  61  15:51  Siege Tank  
  61  15:55  Refinery  
  64  15:57  Terran Infantry Weapons Level 1  
  64  16:12  Supply Depot  
  64  16:26  Terran Vehicle Weapons Level 1  
  64  16:34  Supply Depot  
  66  16:40  Marauder  
  68  17:01  Marauder  
  70  17:22  Marauder  
  70  17:24  Missile Turret  
  70  17:42  Missile Turret  
  70  18:20  Terran Vehicle And Ship Armor Level 1  
  70  18:36  Thor  
  70  18:37  Missile Turret  
  76  18:47  Missile Turret  
  76  18:58  Starport  
  76  19:19  Thor  
  82  19:28  Starport  
  82  19:41  Command Center  
  82  19:44  Medivac  
  84  19:57  Missile Turret  
  84  20:07  Command Center  
  84  20:14  Terran Ship Weapons Level 1, Medivac  
  84  20:18  Supply Depot  
  86  20:40  Siege Tank  
  89  20:44  Medivac  
  89  20:45  Missile Turret  
  91  21:12  Siege Tank  
  93  21:52  Planetary Fortress  
  93  21:55  Starport Tech Lab  
  93  21:57  Missile Turret, Starport Tech Lab  
  93  22:09  SCV  
  94  22:15  Refinery  
  94  22:21  SCV  
  95  22:26  Refinery  
  95  22:33  SCV  
  95  22:34  Supply Depot  
  96  22:45  SCV  
  97  23:04  Missile Turret  
  95  23:27  Raven  
  97  24:15  Missile Turret  
  97  24:22  Missile Turret  
  97  24:30  Viking  
  98  24:46  Corvid Reactor  
  98  25:00  Viking  
  60  25:15  Siege Tank  
  60  25:20  Marine  
  44  25:30  Viking  
  38  25:37  Marine  
  38  25:39  Marauder  
  41  25:47  Siege Tank  
  43  25:55  Marine  
  42  26:00  Viking, Marauder  
  45  26:05  Cloaking Field  
  45  26:13  Marine  
  46  26:19  Siege Tank  
  46  26:22  Marauder  
  51  26:30  Viking  
  51  26:31  Marine  
  54  26:33  Viking  
  56  26:43  Marauder  
  58  26:49  Marauder  
  58  26:51  Siege Tank  
  63  27:00  Banshee  
  66  27:02  Viking  
  66  27:05  Marauder  
  70  27:11  Marauder  
  72  27:16  Refinery  
  72  27:17  Missile Turret  
  72  27:19  SCV  
  69  27:23  Siege Tank  
  69  27:24  Hyperflight Rotors  
  69  27:26  Marauder  
  74  27:31  SCV  
  74  27:32  Marauder, Viking  
  79  27:42  Banshee  
  79  27:43  SCV  
  81  27:47  Marauder  
  66  27:55  SCV  
  50  28:02  Viking  
  50  28:04  Marauder  
  48  28:07  SCV  
  43  28:25  Marauder, Banshee  
  46  28:27  Marine  
  47  28:45  Marine  
  47  28:46  Marauder  
  46  29:03  Marine  
  46  29:08  Marauder  
  49  29:21  Marine  
  50  29:25  Medivac  
  39  29:53  Thor  
  39  29:55  Medivac  
  39  29:56  Marauder  
  45  30:18  Marauder  
  47  30:24  Marauder  
  49  30:33  SCV  
  50  30:39  Marauder  
  49  30:45  Marauder  
  48  31:00  Marauder  
  50  31:06  Marauder  
  52  31:22  Marauder  
  54  31:29  Orbital Command  
  48  32:00  Marine  
  43  32:03  Marine  
  38  32:11  Viking  
  37  32:18  Marine  
  37  32:21  Marine  
  37  32:41  Viking  
  27  33:11  Viking  
  29  33:15  Missile Turret  
  29  33:24  Viking  
  31  33:44  Refinery  
Tags
 
Matchup
TvZ
Opening
Pool First
Replay Pack
MrFercho
Add a new tag
Caveats
  • Supply blocks, unpowered buildings, or Contaminate may cause inaccurate times.
  • Supply counts are checked every 10 seconds.